AoeStats
← Mr_Fox

Arabian Desert

508773794Analyzed
1v1 RM · 7d ago on Sep 24, 2026· 38m 21s· 2 players
Game mode
Random Map
Map size
Tiny (2 player)
Population
200
Speed
Normal
Resources
Standard
Victory
Conquest
Starting age
Dark Age
Ending age
Imperial Age
RankedLock teamsTeams togetherTeam positionsShared explorationLock speedFull tech treeHidden civsTurbo modeCheats
Victory
Defeat
🇬🇹 Lithuanians · Guatemala
1614
+12
🇧🇴 Khmer · Bolivia
1517
-12
Mr_Fox
6:14 Loom
8:27 Feudal Age
9:16 Double-Bit Axe
11:46 Horse Collar
16:33 Man-at-Arms
21:11 Castle Age
19:43 Forging
20:21 Scale Barding Armor
21:21 Bloodlines
26:34 Town Watch
29:52 Husbandry
33:13 Iron Casting
36:41 Bow Saw
36:44 Devotion
ºCoT | Josebo
6:16 Loom
9:08 Feudal Age
9:39 Double-Bit Axe
9:34 Horse Collar
19:00 Fletching
23:04 Castle Age
22:38 Bloodlines
23:21 Gold Mining
24:09 Bow Saw
24:22 Forging
33:29 Scale Barding Armor
34:35 Wheelbarrow
33:48 Town Watch
35:47 Chain Barding Armor
37:00 Iron Casting
37:24 Husbandry
Connection lost

Rejoining the realm…

Still unreachable

The connection could not be restored.

Session expired

The server has moved on; the page needs a fresh start.